[ AOE2 MATCH · #505694571 ]
UnrankedMongols vs Mongols
Player's team · LOSS
Rival team · WIN
[ REPLAY ANALYSIS · EXTRACTED FROM THE RECORDED GAME ]
Feudal
10:33
Castle
23:04
Imperial
40:05
| APM avg | 65.5 |
| APM peak | 159 |
| eAPM avg | 28.1 |
| Villagers / military | 228 / 389 |
Focus
⚔️ 52.8% · 🌾 47.2%
Skirmisher ×111 · Scout Cavalry ×106 · Camel Scout ×74 · Cavalry Archer ×52 · Archer ×18 · Trebuchet (Packed) ×13
Feudal
11:23
Castle
22:19
Imperial
46:48
| APM avg | 80.2 |
| APM peak | 116 |
| eAPM avg | 37.4 |
| Villagers / military | 247 / 407 |
Focus
⚔️ 52.5% · 🌾 47.5%
Mangudai ×109 · Cavalry Archer ×94 · Scout Cavalry ×81 · Skirmisher ×66 · Knight ×15 · Trebuchet (Packed) ×15
Match map
Initial resources + every placement click. Lines = walls · curves = elevation contours. ◆ gold · ⬟ stone · ● berries · ✦ relic · ◌ wall gap
Your base· ✓ Closed at 23:04 · 57t walls · no gate
老天鵝's base· Open — opponent sealed themselves in
Smoothed initial terrain · ◌ = detected wall gap · hover for details
Inputs per minute
— Fs.Jubileu - - 老天鵝
Build order — Fs.Jubileu
First 150 of 847 actions detected
| 0:00 | Create | Villager (Male) |
| 0:00 | Create | Villager (Male) |
| 0:00 | Create | Villager (Male) |
| 0:00 | Create | Villager (Male) |
| 0:00 | Create | Villager (Male) |
| 0:00 | Create | Villager (Male) |
| 0:00 | Create | Villager (Male) |
| 0:00 | Create | Villager (Male) |
| 0:00 | Create | Villager (Male) |
| 0:00 | Create | Villager (Male) |
| 0:00 | Create | Villager (Male) |
| 0:00 | Create | Villager (Male) |
| 0:02 | Build | House |
| 0:02 | Build | House |
| 1:29 | Create | Villager (Male) |
| 1:29 | Create | Villager (Male) |
| 1:57 | Create | Villager (Male) |
| 1:57 | Create | Villager (Male) |
| 2:19 | Create | Villager (Male) |
| 2:19 | Create | Villager (Male) |
| 2:19 | Create | Villager (Male) |
| 2:19 | Create | Villager (Male) |
| 2:19 | Create | Villager (Male) |
| 2:19 | Create | Villager (Male) |
| 2:42 | Build | Barracks |
| 3:12 | Create | Villager (Male) |
| 3:13 | Build | House |
| 3:28 | Create | Villager (Male) |
| 3:41 | Create | Militia |
| 3:43 | Create | Militia |
| 3:45 | Create | Villager (Male) |
| 4:05 | Create | Villager (Male) |
| 4:08 | Build | House |
| 4:13 | Create | Militia |
| 4:20 | Create | Villager (Male) |
| 4:39 | Create | Villager (Male) |
| 4:48 | Create | Villager (Male) |
| 5:18 | Create | Villager (Male) |
| 5:24 | Build | House |
| 5:32 | Create | Villager (Male) |
| 6:00 | Create | Villager (Male) |
| 7:08 | Create | Villager (Male) |
| 7:16 | Build | Lumber Camp |
| 7:22 | Create | Villager (Male) |
| 7:53 | Research | Loom |
| 7:57 | Research | Feudal Age |
| 8:53 | Build | Mining Camp |
| 9:31 | Create | Villager (Male) |
| 9:31 | Create | Villager (Male) |
| 9:53 | Build | Mill |
| 10:24 | Create | Militia |
| 10:30 | Build | Farm |
| 10:33 | Age | Feudal Age |
| 10:37 | Create | Villager (Male) |
| 10:54 | Build | Archery Range |
| 11:05 | Create | Villager (Male) |
| 11:08 | Build | House |
| 11:29 | Create | Villager (Male) |
| 11:31 | Create | Archer |
| 11:40 | Create | Villager (Male) |
| 11:45 | Create | Archer |
| 11:55 | Create | Villager (Male) |
| 11:59 | Research | Double-Bit Axe |
| 11:59 | Research | Double-Bit Axe |
| 12:02 | Build | House |
| 12:03 | Build | Palisade Wall |
| 12:23 | Create | Villager (Male) |
| 12:29 | Build | Blacksmith |
| 12:31 | Build | Farm |
| 12:31 | Build | Farm |
| 12:39 | Create | Villager (Male) |
| 12:40 | Create | Archer |
| 12:55 | Build | Palisade Wall |
| 13:02 | Create | Villager (Male) |
| 13:05 | Build | Farm |
| 13:07 | Create | Archer |
| 13:10 | Create | Villager (Male) |
| 13:12 | Build | House |
| 13:21 | Build | Palisade Wall |
| 13:27 | Build | Palisade Wall |
| 13:44 | Create | Villager (Male) |
| 13:50 | Research | Fletching |
| 13:51 | Research | Fletching |
| 13:51 | Create | Skirmisher |
| 14:02 | Build | Farm |
| 14:03 | Build | Farm |
| 14:08 | Create | Villager (Male) |
| 14:13 | Build | Palisade Wall |
| 14:24 | Build | Palisade Wall |
| 14:29 | Create | Skirmisher |
| 14:30 | Create | Villager (Male) |
| 14:38 | Create | Villager (Male) |
| 14:55 | Create | Villager (Male) |
| 15:05 | Create | Archer |
| 15:28 | Create | Villager (Male) |
| 15:32 | Create | Villager (Male) |
| 15:43 | Create | Archer |
| 15:43 | Create | Archer |
| 15:50 | Build | Farm |
| 15:55 | Create | Villager (Male) |
| 16:00 | Create | Skirmisher |
| 16:10 | Build | Stable |
| 16:16 | Build | Farm |
| 16:17 | Build | Farm |
| 16:19 | Build | Farm |
| 16:23 | Build | House |
| 16:25 | Build | Palisade Wall |
| 16:27 | Create | Villager (Male) |
| 16:30 | Build | Farm |
| 16:49 | Build | Farm |
| 16:54 | Build | Farm |
| 16:58 | Build | Farm |
| 16:59 | Create | Villager (Male) |
| 17:10 | Create | Archer |
| 17:12 | Create | Scout Cavalry |
| 17:13 | Create | Scout Cavalry |
| 17:16 | Build | House |
| 17:20 | Build | House |
| 17:41 | Create | Archer |
| 17:54 | Create | Scout Cavalry |
| 18:00 | Create | Villager (Male) |
| 18:02 | Build | Farm |
| 18:05 | Build | Farm |
| 18:18 | Build | Palisade Wall |
| 18:27 | Build | Farm |
| 18:30 | Create | Archer |
| 18:41 | Create | Villager (Male) |
| 19:00 | Create | Villager (Male) |
| 19:02 | Build | House |
| 19:08 | Create | Archer |
| 19:36 | Create | Villager (Male) |
| 19:41 | Create | Villager (Male) |
| 19:43 | Build | Farm |
| 19:45 | Build | Lumber Camp |
| 20:24 | Research | Castle Age |
| 20:29 | Create | Archer |
| 21:07 | Create | Villager (Male) |
| 21:13 | Create | Archer |
| 21:24 | Create | Scout Cavalry |
| 21:28 | Create | Archer |
| 21:34 | Build | Archery Range |
| 21:39 | Research | Horse Collar |
| 21:39 | Research | Horse Collar |
| 21:39 | Research | Gold Mining |
| 21:50 | Create | Archer |
| 21:54 | Create | Scout Cavalry |
| 22:15 | Create | Scout Cavalry |
| 22:19 | Create | Archer |
| 22:20 | Create | Archer |
| 22:20 | Create | Archer |
Build order — 老天鵝
First 150 of 980 actions detected
| 0:01 | Create | Villager (Male) |
| 0:02 | Build | House |
| 0:08 | Create | Villager (Male) |
| 0:09 | Create | Villager (Male) |
| 0:12 | Create | Villager (Male) |
| 0:55 | Build | House |
| 1:15 | Build | House |
| 1:35 | Create | Villager (Male) |
| 1:35 | Create | Villager (Male) |
| 1:53 | Create | Villager (Male) |
| 2:06 | Build | Lumber Camp |
| 2:27 | Create | Villager (Male) |
| 2:28 | Create | Villager (Male) |
| 2:55 | Create | Villager (Male) |
| 3:06 | Create | Villager (Male) |
| 3:06 | Create | Villager (Male) |
| 3:28 | Create | Villager (Male) |
| 3:28 | Create | Villager (Male) |
| 4:00 | Create | Villager (Male) |
| 4:05 | Research | Loom |
| 4:11 | Create | Villager (Male) |
| 4:27 | Create | Villager (Male) |
| 4:27 | Create | Villager (Male) |
| 5:03 | Build | House |
| 5:16 | Create | Villager (Male) |
| 5:21 | Build | Barracks |
| 5:26 | Create | Villager (Male) |
| 6:22 | Create | Militia |
| 6:22 | Create | Militia |
| 6:22 | Create | Militia |
| 6:30 | Build | House |
| 6:37 | Create | Villager (Male) |
| 6:37 | Create | Villager (Male) |
| 6:47 | Build | House |
| 7:11 | Create | Villager (Male) |
| 7:27 | Build | Palisade Wall |
| 7:29 | Build | Palisade Wall |
| 7:33 | Create | Villager (Male) |
| 7:39 | Create | Villager (Male) |
| 8:20 | Build | Mill |
| 8:27 | Create | Villager (Male) |
| 8:31 | Create | Villager (Male) |
| 8:53 | Create | Villager (Male) |
| 9:01 | Research | Feudal Age |
| 9:02 | Research | Feudal Age |
| 9:02 | Research | Feudal Age |
| 10:05 | Build | House |
| 10:22 | Build | Mining Camp |
| 10:36 | Build | House |
| 10:45 | Create | Villager (Male) |
| 10:45 | Create | Villager (Male) |
| 10:48 | Build | Mill |
| 11:07 | Build | Mill |
| 11:14 | Build | Palisade Wall |
| 11:23 | Age | Feudal Age |
| 11:26 | Research | Man-at-Arms (upgrade) |
| 11:28 | Create | Villager (Male) |
| 11:32 | Build | Archery Range |
| 11:39 | Research | Double-Bit Axe |
| 12:05 | Build | House |
| 12:23 | Create | Archer |
| 12:23 | Create | Archer |
| 12:30 | Create | Villager (Male) |
| 12:30 | Create | Villager (Male) |
| 12:32 | Build | Farm |
| 12:33 | Build | Farm |
| 12:37 | Build | Palisade Wall |
| 12:43 | Build | Farm |
| 12:55 | Create | Villager (Male) |
| 13:00 | Create | Archer |
| 13:10 | Create | Villager (Male) |
| 13:28 | Build | Blacksmith |
| 13:32 | Build | Palisade Wall |
| 13:37 | Build | House |
| 13:46 | Create | Archer |
| 13:58 | Create | Skirmisher |
| 13:58 | Create | Skirmisher |
| 14:05 | Build | Palisade Wall |
| 14:09 | Create | Villager (Male) |
| 14:23 | Research | Fletching |
| 14:33 | Build | Farm |
| 14:34 | Build | Farm |
| 14:39 | Create | Skirmisher |
| 15:01 | Create | Skirmisher |
| 15:05 | Build | Farm |
| 15:18 | Create | Skirmisher |
| 15:19 | Create | Villager (Male) |
| 15:19 | Create | Villager (Male) |
| 15:19 | Create | Villager (Male) |
| 15:19 | Create | Villager (Male) |
| 15:36 | Create | Skirmisher |
| 15:41 | Create | Villager (Male) |
| 15:54 | Build | Farm |
| 15:55 | Build | Farm |
| 15:55 | Build | Farm |
| 15:55 | Build | Farm |
| 15:55 | Build | Farm |
| 15:55 | Build | Farm |
| 15:56 | Build | Farm |
| 15:56 | Build | Farm |
| 16:02 | Create | Skirmisher |
| 16:28 | Build | Lumber Camp |
| 16:31 | Build | Farm |
| 16:43 | Create | Archer |
| 16:47 | Create | Skirmisher |
| 16:49 | Create | Villager (Male) |
| 16:57 | Build | Farm |
| 17:07 | Create | Villager (Male) |
| 17:14 | Build | Palisade Wall |
| 17:14 | Build | Palisade Wall |
| 17:45 | Build | Farm |
| 17:45 | Build | Farm |
| 17:45 | Build | Farm |
| 17:46 | Build | Farm |
| 17:46 | Build | Farm |
| 17:47 | Build | Farm |
| 17:54 | Create | Villager (Male) |
| 18:32 | Create | Villager (Male) |
| 18:34 | Build | Farm |
| 18:34 | Build | Farm |
| 18:37 | Build | House |
| 18:37 | Build | House |
| 18:47 | Create | Archer |
| 18:47 | Create | Archer |
| 18:56 | Create | Spearman |
| 18:56 | Create | Villager (Male) |
| 19:07 | Build | House |
| 19:33 | Create | Spearman |
| 19:33 | Create | Villager (Male) |
| 19:39 | Research | Castle Age |
| 19:39 | Research | Castle Age |
| 19:44 | Create | Spearman |
| 20:04 | Create | Spearman |
| 20:08 | Create | Spearman |
| 20:08 | Create | Villager (Male) |
| 20:09 | Create | Villager (Male) |
| 20:10 | Create | Skirmisher |
| 20:13 | Create | Skirmisher |
| 20:13 | Create | Skirmisher |
| 20:32 | Build | Watch Tower |
| 20:34 | Create | Villager (Male) |
| 20:45 | Create | Skirmisher |
| 20:46 | Create | Villager (Male) |
| 20:51 | Research | Padded Archer Armor |
| 20:53 | Build | Palisade Wall |
| 21:00 | Build | Palisade Wall |
| 21:24 | Build | Archery Range |
| 21:49 | Research | Gold Mining |
| 22:19 | Age | Castle Age |
| 22:21 | Research | Bodkin Arrow |
Match timeline
| 2:42 | Fs.Jubileu · first_building Barracks |
| 5:21 | 老天鵝 · first_building Barracks |
| 7:27 | 老天鵝 · wall_segment Palisade Wall x1 |
| 7:29 | 老天鵝 · wall_segment Palisade Wall x1 |
| 10:33 | Fs.Jubileu · age_up feudal |
| 10:54 | Fs.Jubileu · first_building Archery Range |
| 11:14 | 老天鵝 · wall_segment Palisade Wall x6 |
| 11:23 | 老天鵝 · age_up feudal |
| 11:32 | 老天鵝 · first_building Archery Range |
| 12:03 | Fs.Jubileu · wall_segment Palisade Wall x1 |
| 12:37 | 老天鵝 · wall_segment Palisade Wall x7 |
| 12:55 | Fs.Jubileu · wall_segment Palisade Wall x5 |
| 13:21 | Fs.Jubileu · wall_segment Palisade Wall x17 |
| 13:27 | Fs.Jubileu · wall_segment Palisade Wall x10 |
| 13:32 | 老天鵝 · wall_segment Palisade Wall x6 |
| 14:05 | 老天鵝 · wall_segment Palisade Wall x7 |
| 14:13 | Fs.Jubileu · wall_segment Palisade Wall x10 |
| 14:24 | Fs.Jubileu · wall_segment Palisade Wall x13 |
| 16:10 | Fs.Jubileu · first_building Stable |
| 16:25 | Fs.Jubileu · wall_segment Palisade Wall x1 |
| 17:14 | 老天鵝 · wall_segment Palisade Wall x3 |
| 17:14 | 老天鵝 · wall_segment Palisade Wall x3 |
| 18:18 | Fs.Jubileu · wall_segment Palisade Wall x1 |
| 20:53 | 老天鵝 · wall_segment Palisade Wall x1 |
| 21:00 | 老天鵝 · wall_segment Palisade Wall x1 |
| 22:19 | 老天鵝 · age_up castle |
| 23:04 | Fs.Jubileu · age_up castle |
| 24:28 | 老天鵝 · first_building Stable |
| 28:29 | Fs.Jubileu · wall_segment Palisade Wall x1 |
| 30:11 | 老天鵝 · first_building Siege Workshop |
| 31:16 | Fs.Jubileu · first_market_buy 100 food |
| 33:14 | Fs.Jubileu · first_building Siege Workshop |
| 34:14 | 老天鵝 · first_building Monastery |
| 40:05 | Fs.Jubileu · age_up imperial |
| 40:36 | Fs.Jubileu · first_market_sell 100 stone |
| 41:37 | Fs.Jubileu · first_building Castle |
| 41:39 | 老天鵝 · first_building Castle |
| 43:21 | 老天鵝 · first_market_sell 100 wood |
| 45:20 | 老天鵝 · wall_segment Stone Wall x1 |
| 45:44 | 老天鵝 · wall_segment Stone Wall x2 |
| 46:23 | 老天鵝 · wall_segment Stone Wall x1 |
| 46:48 | 老天鵝 · age_up imperial |
| 47:02 | 老天鵝 · wall_segment Stone Wall x1 |
| 47:16 | 老天鵝 · first_market_buy 100 wood |
| 65:09 | Fs.Jubileu · resign |
[ AI ANALYSIS · 1 CREDIT ]
What really happened in this match?
Wolo.gg analyzes every decision: build order, eco, micro, common mistakes by bracket. Personalized analysis on WhatsApp or Discord in 30 seconds.
Civ guide
Mongols
Perfil
Jugador #1175237